 Dungeon Crawl Stone Soup version 0.23.2-1-ga50397a (webtiles) character file.

Game seed: 4665335720172889349

149 troglodite the Grave Robber (level 5, -1/36 HPs)
             Began as a Demonspawn Necromancer on May 27, 2019.
             Slain by an orc wizard
             ... wielding a +0 dagger
              (5 damage)
             ... on level 3 of the Dungeon.
             The game lasted 00:10:04 (3082 turns).

troglodite the Grave Robber (DsNe)                  Turns: 3082, Time: 00:10:05

Health: -1/36      AC:  2    Str:  8    XL:     5   Next: 9%
Magic:  0/9        EV: 13    Int: 17    God:
Gold:   85         SH:  0    Dex: 16    Spells: 2/10 levels left

rFire    . . .     SeeInvis .   d - +0 short sword
rCold    . . .     Gourm    .   (no shield)
rNeg     . . .     Faith    .   a - +0 robe
rPois    .         Spirit   +   (no helmet)
rElec    .         Reflect  .   (no cloak)
rCorr    .         Harm     .   (no gloves)
MR       .....                  (no boots)
Stlth    ++........             (no amulet)
HPRegen  0.12/turn              (no ring)
MPRegen  0.11/turn              (no ring)

@: confused
A: thin skeletal structure 1, magic shield
a: no special abilities


You were on level 3 of the Dungeon.
You were not hungry.

You visited 1 branch of the dungeon, and saw 3 of its levels.

You collected 85 gold pieces.

Inventory:

Hand Weapons
 d - a +0 short sword (weapon)
 f - a +4 hunting sling
Missiles
 b - 94 stones (quivered)
Armour
 a - a +0 robe (worn)
Scrolls
 e - 6 scrolls of identify {unknown}
 h - a scroll of teleportation {unknown}
 j - 2 scrolls of random uselessness {unknown}
 k - a scroll of enchant weapon {unknown}
 l - 2 scrolls of remove curse {unknown}
Potions
 g - 2 potions of lignification {unknown}
 i - 3 potions of mutation {unknown}
Comestibles
 c - 5 rations
 m - a chunk of flesh


   Skills:
 * Level 0.8 Fighting
 * Level 0.9 Short Blades
 * Level 0.5 Slings
 * Level 2.0 Dodging
 * Level 2.2 Stealth
 * Level 3.2 Spellcasting
 * Level 0.2 Charms
 * Level 5.4 Necromancy


You had 2 spell levels left.
You knew the following spells:

 Your Spells              Type           Power        Failure   Level  Hunger
a - Pain                  Necr           ###.         1%          1    None
b - Vampiric Draining     Necr           ###.......   5%          3    ###....
c - Regeneration          Chrm/Necr      ##........   16%         3    ###....
d - Animate Skeleton      Necr           N/A          1%          1    None

Your spell library contained the following spells:

 Spells                   Type           Power        Failure   Level  Hunger
 Animate Dead             Necr           N/A          19%         4    ####...


Dungeon Overview and Level Annotations

Branches:
Dungeon (3/15)

Altars:


Innate Abilities, Weirdness & Mutations

You have a somewhat thin skeletal structure. (Dex +2, Stealth)
When hurt, damage is shared between your health and your magic reserves.


Message History

Something writhes in agony.
Something hits you.
A magic dart appears from out of thin air!
The magic dart hits you.
You hear some strange, mumbled words.
You are confused.
You are more confused.
A puff of flame appears from out of thin air!
The puff of flame hits you.
* * * LOW HITPOINT WARNING * * *
You're too confused to move!
You see here a frilled lizard skeleton.
There is a stone staircase leading up here.
Something hits you.
* * * LOW HITPOINT WARNING * * *
The orc hits you with a +0 short sword.
* * * LOW HITPOINT WARNING * * *
In your confused state, you trip and fall back down the stairs.
* * * LOW HITPOINT WARNING * * *
Something hits you.
You die...

##......#.....## #..#
##..............## ##.##
#................# #.o#
#................### ##..
#......................#.
#................#####...
#................# ####
#......o÷........#
##......@...........
##.....##.....####.
########.##### #### #.#
#... #.# #..##


You could see an orc.

Vanquished Creatures
  An orc priest (D:3)
  3 gnolls (D:2)
  3 adders (D:2)
  An ooze (D:2)
  A worm (D:2)
  4 dart slugs
  2 leopard geckos (D:1)
  3 orcs
  3 bats
  6 goblins
  5 hobgoblins
  A quokka (D:2)
  A ball python (D:2)
  6 frilled lizards
  5 kobolds
  4 rats
49 creatures vanquished.

Notes
Turn   | Place    | Note
-------+----------+-------------------------------------------
     0 | D:1      | troglodite the Demonspawn Necromancer began the quest for
                  | the Orb.
     0 | D:1      | Reached XP level 1. HP: 13/13 MP: 3/3
   183 | D:1      | Gained mutation: You have a somewhat thin skeletal
                  | structure. (Dex +2, Stealth) [demonic ancestry]
   183 | D:1      | Reached XP level 2. HP: 16/19 MP: 0/5
  1446 | D:2      | Gained mutation: When hurt, damage is shared between your
                  | health and your magic reserves. [demonic ancestry]
  1446 | D:2      | Reached XP level 3. HP: 21/24 MP: 2/6
  1507 | D:2      | Reached skill level 5 in Necromancy
  1591 | D:2      | Reached XP level 4. HP: 12/31 MP: 3/8
  1786 | D:2      | Learned a level 3 spell: Vampiric Draining
  1790 | D:2      | Learned a level 3 spell: Regeneration
  2736 | D:3      | Reached XP level 5. HP: 30/36 MP: 1/9
  2792 | D:2      | Learned a level 1 spell: Animate Skeleton
  3082 | D:3      | Slain by an orc wizard

Skill      XL: |  1  2  3  4 |
---------------+-------------+-----
Stealth        | 2 |  2.2
Necromancy     | 5 |  5.4
Dodging        | 2 |  2.0
Spellcasting   | 3 |  3.2
Fighting       | |  0.8
Short Blades   | |  0.9
Slings         | |  0.5
Charms         | |  0.2

Action                   |  1- 3 |  4- 6 || total
-------------------------+-------+-------++-------
Melee: Unarmed           |     5 |       ||     5
       Short sword       |    20 |    18 ||    38
 Cast: Pain              |    40 |    57 ||    97
  Eat: Chunk             |     2 |     5 ||     7
Armor: Robe              |     3 |     2 ||     5
Dodge: Dodged            |    18 |    36 ||    54
